AoeStats
← Flörider

Baltic

510839607Analyzed
3v3 RM · 17h ago on Oct 2, 2026· 33m 41s· 6 players
Game mode
Random Map
Map size
Normal (6 player)
Population
200
Speed
Normal
Resources
Standard
Victory
Conquest
Starting age
Dark Age
Ending age
Imperial Age
RankedLock teamsTeams togetherTeam positionsShared explorationLock speedFull tech treeHidden civsTurbo modeCheats
Victory
Defeat
🇩🇪 Japanese · Germany
1085
+15
🇩🇪 Varangians · Germany
1018
+18
🇧🇪 Vietnamese · Belgium
1007
+18
🇩🇪 Britons · Germany
1103
-20
🇩🇪 Koreans · Germany
1070
-17
🇩🇪 Danes · Germany
986
-14
Turaliyon
0:48 Loom
15:20 Feudal Age
19:05 Castle Age
18:12 Fletching
19:02 Gold Mining
19:05 Stone Mining
19:02 Double-Bit Axe
19:00 Horse Collar
20:00 Town Watch
21:07 Bow Saw
22:03 Wheelbarrow
Flörider
9:20 Loom
11:52 Feudal Age
12:59 Double-Bit Axe
14:12 Fletching
17:58 Castle Age
18:59 Medium Warships
19:04 Bodkin Arrow
20:28 Scale Mail Armor
22:02 Bow Saw
23:46 Wheelbarrow
23:44 Chain Mail Armor
32:33 Arson
33:29 Forging
Oracio
3:04 Loom
13:01 Feudal Age
13:34 Double-Bit Axe
14:27 Wheelbarrow
13:38 Town Watch
13:37 Horse Collar
13:58 Fishing Lines
15:34 Gold Mining
19:11 Fletching
19:22 Padded Archer Armor
22:47 Castle Age
20:40 Stone Mining
21:04 Scale Mail Armor
22:30 Forging
23:42 Hand Cart
24:05 Heavy Plow
24:31 Crossbowman
25:58 Elite Skirmisher
26:34 Arson
27:39 Squires
27:56 Bow Saw
27:59 Pikeman
29:55 Thumb Ring
30:29 Ballistics
29:50 Treadmill Crane
30:22 Murder Holes
33:17 Leather Archer Armor
32:58 Bodkin Arrow
33:18 Chain Mail Armor
33:56 Masonry
33:57 Gillnets
Flomingo
6:42 Loom
11:47 Feudal Age
12:00 Man-at-Arms
16:01 Wheelbarrow
20:13 Castle Age
20:32 Fletching
21:23 Medium Warships
23:15 Fishing Lines
24:38 Double-Bit Axe
24:53 Bodkin Arrow
33:47 Town Watch
Lugge
11:46 Feudal Age
13:50 Loom
16:27 Castle Age
15:31 Double-Bit Axe
16:25 Horse Collar
17:58 Fletching
18:42 Bow Saw
23:02 Crossbowman
24:56 Bodkin Arrow
25:02 Padded Archer Armor
27:40 Wheelbarrow
28:16 Leather Archer Armor
31:39 Hand Cart
33:22 Ballistics
Dark Pepe
10:38 Feudal Age
17:00 Castle Age
15:45 Double-Bit Axe
15:49 Man-at-Arms
17:35 Long Swordsman
19:58 Bow Saw
20:20 Arson
20:37 Squires
22:38 Scale Mail Armor
22:49 Forging
24:32 Gold Mining
25:20 Wheelbarrow
26:30 Loom
28:02 Fletching
30:15 Murder Holes
31:33 Hamask
36:32 Imperial Age
33:52 Gambesons
Connection lost

Rejoining the realm…

Still unreachable

The connection could not be restored.

Session expired

The server has moved on; the page needs a fresh start.